[Event "Titled Tuesday Blitz February 14 Early 2023"]
[White "Shubenkova, Veronika"]
[Black "Orozbaev, Eldiar"]
[WhiteFideId "44124040"]
[BlackFideId "13802240"]
[WhiteElo "1960"]
[BlackElo "2235"]
[Result "0-1"]
[Round "01"]
[TimeControl "180+2"]
[Date "2023.02.15"]
[WhiteClock "0:01:30"]
[BlackClock "0:01:01"]

1. e4 e6 2. d4 d5 3. exd5 exd5 4. Nf3 Nc6 5. c3 Bd6 6. Bd3 Nge7 7. O-O Bg4 8. Nbd2 Qd7 9. Re1 O-O-O 10. b4 Rde8 11. a4 Bf5 12. Nf1 Bxd3 13. Qxd3 Ng6 14. Bd2 Bf4 15. a5 Bxd2 16. Qxd2 h5 17. b5 Nd8 18. b6 a6 19. bxc7 Qxc7 20. Ne3 Nf4 21. Rec1 Rh6 22. c4 Rc6 23. cxd5 Rxc1+ 24. Nf1 Rxa1 25. Ne5 Qc1 26. Qxc1+ Rxc1 27. g3 Ne2+ 28. Kg2 Nxd4 29. f4 Rxe5 30. fxe5 Rxf1 31. Kxf1 Nf3 0-1


[Site "https://www.chess.com"]

[Event "Titled Tuesday Blitz February 14 Early 2023"]
[White "Ahmadzada, Ahmad"]
[Black "Gatterer, Florian"]
[WhiteFideId "13413007"]
[BlackFideId "811688"]
[WhiteElo "2488"]
[BlackElo "2170"]
[Result "1-0"]
[Round "01"]
[TimeControl "180+2"]
[Date "2023.02.15"]
[WhiteClock "0:00:10"]
[BlackClock "0:00:34"]

1. Nf3 Nf6 2. g3 d5 3. Bg2 c5 4. O-O Nc6 5. c4 d4 6. e3 e5 7. exd4 exd4 8. d3 Bd6 9. Re1+ Be7 10. Ne5 Nxe5 11. Rxe5 O-O 12. Bg5 Bd6 13. Re1 h6 14. Bxf6 Qxf6 15. Nd2 Rb8 16. Bd5 Bf5 17. Qf3 Qg6 18. Ne4 Bxe4 19. Bxe4 Qf6 20. Qxf6 gxf6 21. Bd5 b5 22. b3 Kg7 23. Kg2 Be5 24. Kf3 Bd6 25. Re4 f5 26. Re2 Kf6 27. Rae1 bxc4 28. Bxc4 a5 29. a4 Rfd8 30. Bb5 Rf8 31. Kg2 Rfd8 32. Kh3 Rg8 33. Bc4 Rgd8 34. Kh4 Rg8 35. Bd5 Rg4+ 36. Kh3 Rgg8 37. Kg2 Rgd8 38. Bc4 Rg8 39. Rc1 Rgd8 40. Bb5 Rg8 41. Kf3 Rgd8 42. Ree1 Rf8 43. h3 h5 44. Rc2 Rh8 45. h4 Rhd8 46. Rce2 Rg8 47. Bc4 Rbd8 48. Rc2 Rgf8 49. Rd1 Rg8 50. Bb5 Rg4 51. Re2 f4 52. Re4 Rdg8 53. gxf4 Rxh4 54. Bc4 Rh3+ 55. Ke2 Rh4 56. Kf3 Rh3+ 57. Ke2 Rg4 58. Re8 Rxf4 59. Ra8 Rh2 60. Rf1 Rf5 61. Ra6 Ke7 62. Ra7+ Ke8 63. Rxa5 Re5+ 64. Kd1 h4 65. Ra8+ Ke7 66. a5 Kf6 67. a6 Re7 68. Rd8 Bf4 69. Rd5 h3 70. Rxc5 Rg2 71. Rh5 h2 72. Kc2 Rg1 73. Rd1 Kg6 74. Rh3 Re2+ 75. Kb1 Ree1 76. Rxe1 Rxe1+ 77. Kc2 h1=Q 78. Rxh1 Rxh1 79. Kb2 Rh8 80. Bd5 Rd8 81. a7 f6 82. a8=Q Rxa8 83. Bxa8 Kf7 84. f3 Ke7 85. b4 Kd6 86. Kb3 Ke5 87. Kc4 Be3 88. Kc5 Bd2 89. b5 Ba5 90. Kc6 Kf4 91. b6 Bxb6 92. Kxb6 Ke3 93. Be4 f5 94. Bxf5 Kxf3 95. Be4+ Ke3 96. Kc5 Kf4 97. Kxd4 1-0


[Site "https://www.chess.com"]

[Event "Titled Tuesday Blitz February 14 Early 2023"]
[White "Chernov, Mikhail"]
[Black "Oro, Faustino"]
[WhiteFideId "24143170"]
[BlackFideId "20000197"]
[WhiteElo "2205"]
[BlackElo "2269"]
[Result "1-0"]
[Round "01"]
[TimeControl "180+2"]
[Date "2023.02.15"]
[WhiteClock "0:00:26"]
[BlackClock "0:01:40"]

1. e4 c5 2. Nf3 d6 3. d4 cxd4 4. Nxd4 Nf6 5. Nc3 a6 6. Bc4 e6 7. Bb3 Be7 8. g4 b5 9. g5 Nfd7 10. Bxe6 fxe6 11. Nxe6 Qa5 12. Nxg7+ Kf7 13. Nf5 Bb7 14. Qh5+ Ke6 15. Ng7+ Ke5 16. Be3 Rf8 17. f4+ Rxf4 18. Bxf4+ Kxf4 19. O-O+ Ke3 20. Nf5+ Kd2 21. Qe2# 1-0


[Site "https://www.chess.com"]

[Event "Titled Tuesday Blitz February 14 Early 2023"]
[White "Zemlyanskii, Ivan"]
[Black "Rodriguez Fontecha, Marcos"]
[WhiteFideId "24249971"]
[BlackFideId "2256576"]
[WhiteElo "2300"]
[BlackElo "2309"]
[Result "0-1"]
[Round "01"]
[TimeControl "180+2"]
[Date "2023.02.15"]
[WhiteClock "0:00:05"]
[BlackClock "0:00:12"]

1. d4 d5 2. Bf4 c5 3. e4 dxe4 4. d5 a6 5. Nc3 Nf6 6. Qe2 e6 7. O-O-O exd5 8. Nxd5 Nxd5 9. Qxe4+ Be7 10. Rxd5 Nd7 11. Bd3 g6 12. Nf3 O-O 13. Re1 Bf6 14. Bd6 Nb6 15. Bxf8 Nxd5 16. Bxc5 Bf5 17. Qc4 b5 18. Qb3 Be6 19. Nd4 Bxd4 20. Bxd4 Nf4 21. Qb4 a5 22. Qc3 Rc8 23. Bc5 Nxd3+ 24. cxd3 b4 25. Qc2 Qd5 26. d4 Qxa2 27. Re5 Bb3 28. Qb1 Qa4 29. Qe4 Qb5 30. Re7 Qf1+ 31. Qe1 Qc4+ 32. Kb1 Qc2+ 33. Ka1 Be6 34. Rxe6 Qa4+ 35. Kb1 b3 36. Rb6 Qa2+ 37. Kc1 Qa1+ 38. Kd2 Qxb2+ 39. Ke3 Re8+ 40. Kf4 Rxe1 41. Rb8+ Kg7 42. Bf8+ Kf6 43. Rb6+ Re6 44. Bc5 Qxf2+ 45. Kg4 Qf5+ 46. Kg3 Rxb6 47. Bxb6 b2 48. d5 b1=Q 49. Bd4+ Ke7 50. Bc5+ Kd7 0-1


[Site "https://www.chess.com"]

[Event "Titled Tuesday Blitz February 14 Early 2023"]
[White "Forgacs, Attila Jr."]
[Black "Vasquez Schroeder, Rodrigo"]
[WhiteFideId "773654"]
[BlackFideId "3400042"]
[WhiteElo "2264"]
[BlackElo "2524"]
[Result "1-0"]
[Round "01"]
[TimeControl "180+2"]
[Date "2023.02.15"]
[WhiteClock "0:00:04"]
[BlackClock "0:01:22"]

1. e4 c6 2. d4 d5 3. Nd2 dxe4 4. Nxe4 Nd7 5. Ng5 Ngf6 6. Bd3 e6 7. Qe2 Bd6 8. N1f3 h6 9. Ne4 Nxe4 10. Qxe4 Qc7 11. c3 b6 12. Bd2 Bb7 13. Qe2 c5 14. O-O O-O 15. Rac1 Bxf3 16. Qxf3 Bxh2+ 17. Kh1 Bd6 18. dxc5 Nxc5 19. Bb1 Rfd8 20. Qg4 Kf8 21. b4 Nd7 22. c4 Nf6 23. Qf3 Be5 24. Rfd1 Rac8 25. c5 bxc5 26. Rxc5 Qd6 27. Rxc8 Rxc8 28. Bxh6 Qxb4 29. Be3 Qh4+ 30. Kg1 Qh2+ 31. Kf1 Nd5 32. g3 Qh3+ 33. Kg1 Nc3 34. Rc1 Rb8 35. Bc5+ Kg8 36. Bd3 a5 37. Bf1 Nd5 38. Bxh3 1-0


[Site "https://www.chess.com"]

[Event "Titled Tuesday Blitz February 14 Early 2023"]
[White "Galchenko, Matvey"]
[Black "Tarasova, Viktoriya"]
[WhiteFideId "24175480"]
[BlackFideId "4175840"]
[WhiteElo "2438"]
[BlackElo "2226"]
[Result "1-0"]
[Round "01"]
[TimeControl "180+2"]
[Date "2023.02.15"]
[WhiteClock "0:00:48"]
[BlackClock "0:00:32"]

1. f4 Nf6 2. Nf3 g6 3. g3 b6 4. Bg2 Bb7 5. O-O Bg7 6. d3 d5 7. Nc3 d4 8. Nb5 c5 9. e4 dxe3 10. Bxe3 O-O 11. c3 a6 12. Na3 Qc7 13. Qe2 Nbd7 14. Kh1 e6 15. Rad1 b5 16. d4 cxd4 17. Bxd4 Rad8 18. Nc2 Nb6 19. Ne3 Nbd5 20. Nxd5 Bxd5 21. b3 Nd7 22. Qe3 Bxd4 23. Rxd4 Rc8 24. Rc1 Nf6 25. h3 Rfd8 26. Kh2 Bc6 27. c4 Rxd4 28. Qxd4 Bxf3 29. Bxf3 Nd7 30. c5 Nb8 31. c6 Rd8 32. Qxd8+ Qxd8 33. c7 Qd2+ 34. Bg2 Qxc1 35. cxb8=Q+ Kg7 36. Qd6 Qc2 37. Qxa6 1-0


[Site "https://www.chess.com"]

[Event "Titled Tuesday Blitz February 14 Early 2023"]
[White "Gutkin, Ilya"]
[Black "Pakleza, Zbigniew"]
[WhiteFideId "16203470"]
[BlackFideId "1119290"]
[WhiteElo "2273"]
[BlackElo "2494"]
[Result "0-1"]
[Round "01"]
[TimeControl "180+2"]
[Date "2023.02.15"]
[WhiteClock "0:00:04"]
[BlackClock "0:00:36"]

1. Nf3 d5 2. g3 Nf6 3. Bg2 Bf5 4. c4 c6 5. Qb3 Qb6 6. d3 e6 7. Be3 Qxb3 8. axb3 a6 9. Nc3 Nbd7 10. cxd5 exd5 11. Nd4 Bg6 12. Nc2 Bd6 13. b4 O-O 14. h3 Rfe8 15. Kd2 Rad8 16. Rhg1 h6 17. f4 Bc7 18. g4 Bh7 19. Raf1 Nb6 20. Bd4 Nfd7 21. e3 Nc8 22. Bf3 Nd6 23. Be2 b6 24. Rf3 Nf8 25. f5 f6 26. h4 Nd7 27. Rfg3 Kf8 28. Bf3 Ne5 29. Bg2 Ndc4+ 30. Kc1 Nxd3+ 0-1


[Site "https://www.chess.com"]

[Event "Titled Tuesday Blitz February 14 Early 2023"]
[White "Kukhmazov, Arsen"]
[Black "Srebrnic, Marko"]
[WhiteFideId "24108260"]
[BlackFideId "14603616"]
[WhiteElo "2512"]
[BlackElo "2366"]
[Result "1-0"]
[Round "01"]
[TimeControl "180+2"]
[Date "2023.02.15"]
[WhiteClock "0:00:12"]
[BlackClock "0:00:21"]

1. b3 c5 2. Bb2 Nc6 3. f4 Nf6 4. e3 g6 5. Nf3 Bg7 6. Bb5 O-O 7. O-O Qc7 8. Qe2 d6 9. a4 Bf5 10. Bxc6 Qxc6 11. d3 Bg4 12. Nbd2 Nd5 13. Bxg7 Kxg7 14. h3 Bxf3 15. Nxf3 b6 16. Qf2 a6 17. c4 Nb4 18. d4 Qe4 19. Ng5 Qc2 20. f5 Qxf2+ 21. Rxf2 b5 22. axb5 axb5 23. Rxa8 Rxa8 24. fxg6 f6 25. Ne6+ Kxg6 26. dxc5 dxc5 27. cxb5 Rb8 28. Nxc5 Rxb5 29. Ne6 Nd5 30. Nd4 Rc5 31. Rf3 Rc1+ 32. Kh2 e5 33. Rg3+ Kf7 34. Nf5 Rc2 35. Rg7+ Ke6 36. e4 h5 37. Ra7 Nc7 38. b4 Rc4 39. b5 Rxe4 40. Ng7+ Kd6 41. b6 Nd5 42. b7 Rb4 43. Ne8+ Kc6 44. Ra6+ Kxb7 45. Rd6 Nc7 46. Nxf6 Rc4 47. Rd7 e4 48. Re7 e3 49. Rxe3 Rc6 50. Nxh5 Nd5 51. Re5 Nc3 52. g4 Nd1 53. Kg3 Rc3+ 54. Kh4 Nf2 55. Nf4 Rc4 56. Kg5 Ne4+ 57. Kg6 Ng3 58. Re7+ Kb6 59. Nd5+ Kc5 60. Nf6 Rd4 61. h4 Kb6 62. h5 Rd6 63. h6 Ne2 64. h7 Nf4+ 65. Kg7 Ne6+ 66. Rxe6 Rxe6 67. h8=Q Re7+ 68. Kg6 1-0


[Site "https://www.chess.com"]

[Event "Titled Tuesday Blitz February 14 Early 2023"]
[White "Chan, Kim Yew"]
[Black "Postny, Evgeny"]
[WhiteFideId "5717981"]
[BlackFideId "2804344"]
[WhiteElo "2340"]
[BlackElo "2549"]
[Result "0-1"]
[Round "01"]
[TimeControl "180+2"]
[Date "2023.02.15"]
[WhiteClock "0:00:02"]
[BlackClock "0:00:36"]

1. Nf3 c5 2. g3 d5 3. Bg2 Nf6 4. O-O e6 5. d4 Nc6 6. c4 cxd4 7. Nxd4 Bc5 8. Nb3 Bb6 9. cxd5 exd5 10. Nc3 d4 11. Na4 O-O 12. Bg5 h6 13. Bxf6 Qxf6 14. Nxb6 axb6 15. Qd2 Bg4 16. h3 Be6 17. Rfd1 Rxa2 18. Rxa2 Bxb3 19. Ra3 Bxd1 20. Qxd1 Re8 21. Rd3 Qe6 22. Bf1 Qf5 23. Bg2 Qe5 24. Kf1 h5 25. h4 g6 26. Bxc6 bxc6 27. Rxd4 c5 28. Rd8 Kg7 29. Rxe8 Qxe8 30. Qd6 Qe4 31. Kg1 Qb1+ 32. Kg2 Qxb2 33. e4 Qd4 34. Qc6 c4 35. f4 c3 36. e5 Qc5 37. Qf6+ Kg8 38. e6 Qc6+ 39. Kh2 Qxe6 40. Qxc3 b5 41. Qc5 Qe2+ 42. Kh3 Qc4 43. Qe7 Qe6+ 0-1


[Site "https://www.chess.com"]

[Event "Titled Tuesday Blitz February 14 Early 2023"]
[White "Murzin, Volodar"]
[Black "Papp, Petra"]
[WhiteFideId "44155573"]
[BlackFideId "739049"]
[WhiteElo "2604"]
[BlackElo "2343"]
[Result "1-0"]
[Round "01"]
[TimeControl "180+2"]
[Date "2023.02.15"]
[WhiteClock "0:00:27"]
[BlackClock "0:00:10"]

1. e4 c6 2. d4 d5 3. exd5 cxd5 4. Bd3 Nc6 5. c3 Nf6 6. Bf4 g6 7. Nd2 Bg7 8. Ngf3 O-O 9. O-O Bf5 10. Be2 Ne4 11. h3 Re8 12. Re1 f6 13. Nf1 e5 14. Bh2 Qb6 15. Ne3 Be6 16. Qb3 h6 17. Bb5 Bf7 18. Nxd5 Qd8 19. Rxe4 Qxd5 20. Qxd5 Bxd5 21. Re3 a6 22. Bxc6 Bxc6 23. dxe5 Bxf3 24. Rxf3 fxe5 25. Rd3 Re7 26. Rad1 Rae8 27. Rd7 e4 28. Rxe7 Rxe7 29. Bf4 g5 30. Be3 Kf7 31. Kf1 Bf6 32. Rd6 Rc7 33. Ke2 Ke7 34. Rb6 Kf7 35. Rb4 Re7 36. Bc5 Rc7 37. Bb6 Rc6 38. Be3 b5 39. Rxe4 a5 40. a4 b4 41. cxb4 Rc2+ 42. Kd3 Rxb2 43. bxa5 Ra2 44. a6 1-0


[Site "https://www.chess.com"]

[Event "Titled Tuesday Blitz February 14 Early 2023"]
[White "Tiarks, Jann-Christian"]
[Black "Seo, Jung Min"]
[WhiteFideId "12951595"]
[BlackFideId "1734687"]
[WhiteElo "2222"]
[BlackElo "2494"]
[Result "0-1"]
[Round "01"]
[TimeControl "180+2"]
[Date "2023.02.15"]
[WhiteClock "0:00:17"]
[BlackClock "0:01:20"]

1. e4 c6 2. Nf3 d5 3. exd5 cxd5 4. Ne5 Nd7 5. d4 Ngf6 6. Be2 g6 7. O-O Bg7 8. Re1 O-O 9. Bf4 Qb6 10. b3 Ne8 11. Nc3 e6 12. Na4 Qd8 13. c4 dxc4 14. bxc4 Nxe5 15. dxe5 Bd7 16. Bf3 Qc7 17. Rb1 Rb8 18. Qb3 Bh8 19. Be3 b6 20. c5 Bxe5 21. cxb6 axb6 22. Bxb6 Bxh2+ 23. Kh1 Qf4 24. Nc5 Nf6 25. g3 Bxg3 26. fxg3 Qxg3 27. Bg2 Qh4+ 28. Qh3 Qxh3+ 29. Bxh3 Bc6+ 30. Bg2 Bxg2+ 31. Kxg2 Rfc8 32. a4 Nd5 33. Nd7 Rb7 34. a5 Rxd7 35. Rec1 Rxc1 36. Rxc1 Nxb6 37. axb6 Rd2+ 38. Kf3 Rb2 39. Rc6 h5 40. Kf4 Kg7 41. Ke5 h4 42. Kd6 g5 43. Kc7 g4 44. b7 Rxb7+ 45. Kxb7 h3 46. Rc4 f5 47. Kc6 h2 48. Rc2 h1=Q+ 0-1


[Site "https://www.chess.com"]

[Event "Titled Tuesday Blitz February 14 Early 2023"]
[White "Goltsev, Dmitry"]
[Black "Sarkar, Justin"]
[WhiteFideId "24176710"]
[BlackFideId "2010011"]
[WhiteElo "2269"]
[BlackElo "2309"]
[Result "0-1"]
[Round "01"]
[TimeControl "180+2"]
[Date "2023.02.15"]
[WhiteClock "0:01:28"]
[BlackClock "0:00:17"]

1. e4 e5 2. Nf3 Nc6 3. Bb5 Nf6 4. O-O Nxe4 5. d4 a6 6. Ba4 b5 7. Bb3 d5 8. dxe5 Be6 9. Be3 Be7 10. c3 Nc5 11. Bc2 Nd7 12. Bf4 O-O 13. Qd3 g6 14. Qe2 Bg4 15. Nbd2 Re8 16. h3 Bxf3 17. Nxf3 Bf6 18. Rad1 Ndxe5 19. Nxe5 Nxe5 20. b3 c6 21. Qd2 Qb6 22. Be3 Qb7 23. Kh1 Rad8 24. Qd4 Qe7 25. Qb6 Rb8 26. Qxb5 axb5 27. Rfe1 Qd7 28. Bc5 Qc7 29. Ra1 Nd7 30. Bb4 Rxe1+ 31. Rxe1 c5 32. Ba3 Bxc3 33. Re2 b4 34. Bc1 Nf6 35. Bh6 Re8 36. Be3 d4 37. Bd3 dxe3 38. fxe3 Nh5 39. Kg1 Ng3 40. Rf2 Rxe3 41. Bc4 Re1+ 42. Kh2 Nf1+ 43. Kg1 Qh2# 0-1


[Site "https://www.chess.com"]

[Event "Titled Tuesday Blitz February 14 Early 2023"]
[White "Iljin, Timofey"]
[Black "Harsh Suresh"]
[WhiteFideId "14110180"]
[BlackFideId "45018464"]
[WhiteElo "2329"]
[BlackElo "2298"]
[Result "0-1"]
[Round "01"]
[TimeControl "180+2"]
[Date "2023.02.15"]
[WhiteClock "0:00:21"]
[BlackClock "0:00:16"]

1. e4 c5 2. c3 g6 3. d4 cxd4 4. cxd4 d5 5. exd5 Nf6 6. Nf3 Nxd5 7. Nc3 Bg7 8. Bc4 Nb6 9. Bb3 O-O 10. O-O Nc6 11. d5 Na5 12. Be3 Bg4 13. h3 Bxf3 14. Qxf3 Bxc3 15. bxc3 Nxb3 16. Bxb6 Nd2 17. Qd3 Qxb6 18. Qxd2 Qc5 19. Rab1 b6 20. Rfe1 Rfd8 21. Rbd1 Rd7 22. Re4 Rad8 23. c4 e6 24. Rh4 exd5 25. Qh6 f5 26. Rxd5 Qe7 27. Rxd7 Rxd7 28. Qf4 g5 29. Qg3 Kg7 30. Rh5 h6 31. h4 Kg6 32. Qf3 Qe1+ 33. Kh2 Qd1 34. Rxh6+ Kxh6 35. hxg5+ Kg6 36. Qc6+ Qd6+ 37. Qxd6+ Rxd6 38. g3 Kxg5 39. f4+ Kg4 40. Kg2 Rd2+ 41. Kf1 Kxg3 42. Ke1 Rc2 43. Kd1 Rxc4 44. Kd2 Ra4 45. Kd3 Rxa2 46. Kd4 Ra4+ 47. Ke5 Rxf4 48. Ke6 Kg4 49. Ke5 Re4+ 50. Kd5 Kf3 51. Kc6 Ke3 52. Kd5 f4 53. Kd6 f3 54. Kd5 f2 55. Kd6 f1=Q 56. Kd5 Qf5+ 57. Kd6 Re6+ 58. Kc7 Qf7+ 59. Kb8 Re8# 0-1


[Site "https://www.chess.com"]

[Event "Titled Tuesday Blitz February 14 Early 2023"]
[White "Ozen, Bahadir"]
[Black "Kejna, Piotr"]
[WhiteFideId "6337058"]
[BlackFideId "21821704"]
[WhiteElo "2369"]
[BlackElo "2027"]
[Result "1-0"]
[Round "01"]
[TimeControl "180+2"]
[Date "2023.02.15"]
[WhiteClock "0:01:04"]
[BlackClock "0:00:39"]

1. g3 Nf6 2. Bg2 g6 3. d4 Bg7 4. e4 d6 5. Nc3 O-O 6. Nge2 c6 7. a4 Nbd7 8. O-O e5 9. h3 Ne8 10. a5 a6 11. b3 f5 12. dxe5 Nxe5 13. f4 Nf7 14. exf5 Bxf5 15. Be3 Nc7 16. g4 Bd7 17. Bb6 Qc8 18. Qd2 d5 19. Rae1 Re8 20. Na4 Nb5 21. Kh1 Nbd6 22. Nc5 Re7 23. Ng3 Qf8 24. Rxe7 Qxe7 25. Re1 Qf8 26. Nxd7 1-0


[Site "https://www.chess.com"]

[Event "Titled Tuesday Blitz February 14 Early 2023"]
[White "Bon, Michael"]
[Black "Pulpan, Jakub"]
[WhiteFideId "620696"]
[BlackFideId "302759"]
[WhiteElo "2394"]
[BlackElo "2427"]
[Result "1/2-1/2"]
[Round "01"]
[TimeControl "180+2"]
[Date "2023.02.15"]
[WhiteClock "0:00:07"]
[BlackClock "0:01:53"]

1. e4 e6 2. d4 d5 3. e5 b6 4. Nf3 Ba6 5. Bxa6 Nxa6 6. c4 Qd7 7. cxd5 exd5 8. Nc3 Ne7 9. O-O Nf5 10. e6 fxe6 11. Ne5 Qc8 12. Qh5+ g6 13. Nxg6 hxg6 14. Qxh8 Qd7 15. Bg5 Qg7 16. Qh3 Kd7 17. Rfe1 Re8 18. Rac1 Qxd4 19. Nb5 Qb4 20. Nxa7 Nc5 21. Qh7+ Be7 22. Bxe7 Rxe7 23. Qxg6 Nd3 24. Red1 Nxc1 25. Rxd5+ exd5 26. Qc6+ Kd8 27. Qa8+ Kd7 28. Qc6+ Kd8 29. Qa8+ Kd7 30. Qc6+ 1/2-1/2


[Site "https://www.chess.com"]

[Event "Titled Tuesday Blitz February 14 Early 2023"]
[White "Lortkipanidze, Nodar"]
[Black "Heinemann, Josefine"]
[WhiteFideId "13604058"]
[BlackFideId "12900460"]
[WhiteElo "2406"]
[BlackElo "2289"]
[Result "1-0"]
[Round "01"]
[TimeControl "180+2"]
[Date "2023.02.15"]
[WhiteClock "0:00:38"]
[BlackClock "0:00:26"]

1. e4 e5 2. Nf3 Nc6 3. d4 exd4 4. Nxd4 Bc5 5. Nxc6 Qf6 6. Qf3 bxc6 7. Nd2 d6 8. Nb3 Bb6 9. a4 a5 10. Bd2 Qxf3 11. gxf3 Nf6 12. Rg1 g6 13. Bc3 Ke7 14. f4 Re8 15. e5 Nh5 16. Bg2 Bd7 17. f5 dxe5 18. fxg6 hxg6 19. O-O-O f6 20. Rxd7+ Kxd7 21. Rd1+ Ke7 22. Bxc6 Rad8 23. Bxe8 Rxd1+ 24. Kxd1 Kxe8 25. Ke1 Kd7 26. Bxa5 Ba7 27. Bd2 Ng7 28. Be3 Bxe3 29. fxe3 Nf5 30. Ke2 g5 31. Nc5+ Kd6 32. Ne4+ Ke6 33. a5 Ne7 34. a6 Nc6 35. c3 g4 36. b4 f5 37. Nc5+ Kd5 38. Kd3 f4 39. Ne4 Na7 40. Nf6+ Kc6 41. exf4 exf4 42. Nxg4 Kb5 43. h4 1-0


[Site "https://www.chess.com"]

[Event "Titled Tuesday Blitz February 14 Early 2023"]
[White "Lorenzo De La Riva, Lazaro"]
[Black "Bashirli, Nail"]
[WhiteFideId "2268809"]
[BlackFideId "13406809"]
[WhiteElo "2404"]
[BlackElo "2326"]
[Result "0-1"]
[Round "01"]
[TimeControl "180+2"]
[Date "2023.02.15"]
[WhiteClock "0:00:37"]
[BlackClock "0:01:49"]

1. e4 Nf6 2. e5 Nd5 3. d4 d6 4. Nf3 Nb6 5. Be2 g6 6. exd6 cxd6 7. a4 Bg7 8. a5 N6d7 9. O-O O-O 10. h3 Nf6 11. Bf4 Nc6 12. d5 Nxa5 13. b4 Nh5 14. Bd2 Bxa1 15. bxa5 Bg7 16. g4 Nf6 17. Nc3 Bd7 18. Nh2 Rc8 19. f4 Qxa5 20. g5 Nxd5 21. Ne4 Qb6+ 22. Kh1 Bc6 23. Bf3 Ne3 24. Bxe3 Qxe3 25. Re1 Qxf4 0-1


[Site "https://www.chess.com"]

[Event "Titled Tuesday Blitz February 14 Early 2023"]
[White "Kobalia, Mikhail"]
[Black "Enkhtuul, Altan-Ulzii"]
[WhiteFideId "4119150"]
[BlackFideId "4901444"]
[WhiteElo "2578"]
[BlackElo "2254"]
[Result "1/2-1/2"]
[Round "01"]
[TimeControl "180+2"]
[Date "2023.02.15"]
[WhiteClock "0:00:14"]
[BlackClock "0:00:03"]

1. e4 c6 2. d4 d5 3. exd5 cxd5 4. Bd3 Nc6 5. c3 Nf6 6. Bf4 g6 7. Nf3 Bg7 8. O-O O-O 9. Nbd2 Bg4 10. Re1 e6 11. h3 Bxf3 12. Nxf3 Nd7 13. Qe2 h6 14. Qd2 Kh7 15. h4 h5 16. Ng5+ Kg8 17. Qc2 Qf6 18. Bd6 Rfe8 19. Re3 e5 20. dxe5 Ndxe5 21. Bxe5 Nxe5 22. Rae1 Qc6 23. Be2 Nc4 24. Bxc4 dxc4 25. Re4 Bf6 26. Qe2 Rxe4 27. Qxe4 Rc8 28. Qf4 Bxg5 29. hxg5 Re8 30. Rxe8+ Qxe8 31. Qxc4 Qe1+ 32. Qf1 Qd2 33. Qb5 Qe1+ 34. Qf1 Qd2 35. Qb1 Qxg5 36. Qd1 Qe7 37. a4 b6 38. Kf1 a5 39. Qd4 Qe6 40. b4 axb4 41. cxb4 Qb3 42. Ke2 Qa2+ 43. Ke3 Qb3+ 44. Ke4 Qe6+ 45. Kf4 Kh7 46. g3 Qg4+ 47. Ke3 Qe6+ 48. Kf3 Qb3+ 49. Kg2 Qxa4 50. Qxb6 Qc2 51. Qb7 Kg7 52. b5 Qc4 53. Qc6 Qb4 54. b6 h4 55. b7 hxg3 56. Kxg3 Qb3+ 57. Kf4 Qb4+ 58. Ke3 Qe7+ 59. Kd4 Qh4+ 60. Kc3 Qd8 61. Qc8 Qf6+ 62. Kb4 Qb6+ 63. Kc4 Qa6+ 64. Kc5 Qa5+ 65. Kd6 Qb6+ 66. Kd7 Qe6+ 67. Kc7 Qe5+ 68. Kb6 Qd4+ 69. Ka6 Qa4+ 70. Kb6 Qb4+ 71. Kc6 Qc4+ 72. Kd7 Qe6+ 73. Kd8 Qd6+ 74. Qd7 Qb8+ 75. Qc8 Qd6+ 76. Ke8 Qe5+ 77. Kd7 Qe6+ 1/2-1/2


[Site "https://www.chess.com"]

[Event "Titled Tuesday Blitz February 14 Early 2023"]
[White "Miszler, Levente"]
[Black "Beerdsen, Thomas"]
[WhiteFideId "763276"]
[BlackFideId "1030108"]
[WhiteElo "2271"]
[BlackElo "2507"]
[Result "0-1"]
[Round "01"]
[TimeControl "180+2"]
[Date "2023.02.15"]
[WhiteClock "0:00:16"]
[BlackClock "0:01:44"]

1. h3 a5 2. Nf3 g6 3. c3 Bg7 4. d4 a4 5. e4 d6 6. Bd3 Nf6 7. O-O O-O 8. Re1 c6 9. Bg5 Nbd7 10. Nbd2 a3 11. b3 h6 12. Bh4 b5 13. Qc2 e5 14. dxe5 dxe5 15. Rad1 Qe7 16. b4 g5 17. Bg3 Nh5 18. Bh2 Nf4 19. Bxf4 exf4 20. e5 Nxe5 21. Nxe5 Bxe5 22. Ne4 Bg7 23. Nc5 Qf6 24. c4 Qb2 25. cxb5 cxb5 26. Be4 Qxc2 27. Bxc2 Bc3 28. Re4 Bf5 29. Rc4 bxc4 30. Bxf5 Bxb4 31. Nd7 Rfd8 32. Rb1 Bd2 33. Kf1 Kg7 34. Ke2 Ra5 35. Bg4 h5 0-1


[Site "https://www.chess.com"]

[Event "Titled Tuesday Blitz February 14 Early 2023"]
[White "EREBUNI91"]
[Black "Ansh M Shah"]
[BlackFideId "25033379"]
[WhiteElo "2719"]
[BlackElo "2171"]
[Result "1-0"]
[Round "01"]
[TimeControl "180+2"]
[Date "2023.02.15"]
[WhiteClock "0:00:24"]
[BlackClock "0:00:05"]

1. e4 c6 2. d4 d5 3. e5 Bf5 4. h4 h5 5. Bd3 Bxd3 6. Qxd3 Qa5+ 7. Nd2 e6 8. Nf3 Nh6 9. c4 Nf5 10. O-O Qa6 11. b3 Be7 12. a4 Nxh4 13. Nxh4 Bxh4 14. Ba3 Nd7 15. f4 g6 16. b4 Qxa4 17. b5 Nb6 18. Be7 dxc4 19. Qc3 Nd5 20. Qc1 Qxa1 21. Qxa1 Bxe7 22. bxc6 bxc6 23. Nxc4 O-O 24. Qa6 c5 25. dxc5 Bxc5+ 26. Kh2 Nb6 27. Nd6 Nd5 28. Ne4 Be7 29. Rf3 Rfc8 30. Nd6 Bxd6 31. exd6 Rd8 32. f5 exf5 33. Rd3 Nf4 34. Rd2 Rd7 35. Qa4 Rad8 36. Qxf4 Kg7 37. Qe5+ Kh6 38. Kg3 Kh7 39. Qf6 Kg8 40. Kh4 Kh7 41. Kg5 a5 42. Rd5 a4 43. Re5 Rxd6 44. Qxf7+ Kh8 45. Re7 1-0


[Site "https://www.chess.com"]

[Event "Titled Tuesday Blitz February 14 Early 2023"]
[White "Silvestre, Christian"]
[Black "Dimitrov, Atanas"]
[WhiteFideId "30956269"]
[BlackFideId "2901315"]
[WhiteElo "1942"]
[BlackElo "2269"]
[Result "0-1"]
[Round "01"]
[TimeControl "180+2"]
[Date "2023.02.15"]
[WhiteClock "0:00:06"]
[BlackClock "0:00:07"]

1. d4 Nf6 2. c4 g6 3. Nc3 d5 4. cxd5 Nxd5 5. Bd2 Bg7 6. e4 Nb6 7. e5 Nc6 8. Be3 O-O 9. h3 Be6 10. Nf3 Nd5 11. Qd2 Nxe3 12. Qxe3 Nb4 13. O-O-O Bxa2 14. d5 Bb3 15. Rd4 Nc2 16. Qd2 Nxd4 17. Qxd4 e6 18. Bc4 Bxc4 19. Qxc4 exd5 20. Nxd5 c6 21. Ne3 Qe7 22. Re1 Rad8 23. Ng4 Rd5 24. Kb1 Rfd8 25. Ne3 Rc5 26. Qb3 Rb5 27. Qc4 Qe6 28. Qxe6 fxe6 29. Nc4 Rbd5 30. Nd6 Rd7 31. Ka2 Bxe5 32. Nc4 Bf6 33. Rxe6 Kf7 34. Re2 Kg7 35. Ne3 Ra5+ 36. Kb3 Rb5+ 37. Ka2 Rd3 38. Nc4 Rdb3 39. Rd2 R3b4 40. Rd7+ Kh6 41. Nfd2 Rxb2+ 42. Nxb2 Rxb2+ 43. Ka3 Rb5 44. Ne4 Be5 45. g3 g5 46. h4 gxh4 47. f4 Bb2+ 48. Ka2 hxg3 49. Nxg3 Kg6 50. Rd6+ Bf6 51. f5+ Kf7 52. Rd7+ Be7 53. Ka1 a5 54. Ka2 b6 55. Rc7 Rc5 56. Ne4 Rd5 57. f6 Re5 0-1


[Site "https://www.chess.com"]

[Event "Titled Tuesday Blitz February 14 Early 2023"]
[White "Movahed, Sina"]
[Black "Kubatko, Ivan"]
[WhiteFideId "42520835"]
[BlackFideId "24111473"]
[WhiteElo "2340"]
[BlackElo "2257"]
[Result "1-0"]
[Round "01"]
[TimeControl "180+2"]
[Date "2023.02.15"]
[WhiteClock "0:01:16"]
[BlackClock "0:00:02"]

1. e4 d5 2. exd5 Qxd5 3. Nc3 Qa5 4. d4 Nf6 5. Nf3 Bg4 6. Bd2 c6 7. h3 Bh5 8. Bc4 e6 9. g4 Bg6 10. Qe2 Nbd7 11. O-O-O O-O-O 12. h4 h5 13. g5 Ng4 14. Nd5 Qa4 15. Bb3 Qa6 16. Bc4 b5 17. Nf4 bxc4 18. Nxg6 fxg6 19. Kb1 e5 20. dxe5 Nc5 21. e6 Be7 22. Bc3 Rxd1+ 23. Rxd1 Rd8 24. Rxd8+ Kxd8 25. Bxg7 Qc8 26. Nd4 Kc7 27. f3 Qg8 28. fxg4 Qxg7 29. c3 hxg4 30. Qg2 Qe5 31. Qxc6+ Kd8 32. Qa8+ Kc7 33. Qxa7+ Kc8 34. Qa8+ Kc7 35. Qa7+ Kc8 36. a3 Qe4+ 37. Ka2 Bd6 38. Nb5 Qd5 39. e7 Bxe7 40. Qc7# 1-0


[Site "https://www.chess.com"]